 Dungeon Crawl Stone Soup version 0.29-a0-359-g541a27f54d (webtiles) character file.

Game seed: 7652693161288834861

49 Morbidden the Skirmisher (level 3, -1/29 HPs)
             Began as a Demonspawn Fighter on Apr 27, 2022.
             Slain by an adder (3 damage)
             ... on level 2 of the Dungeon.
             The game lasted 00:00:51 (694 turns).

Morbidden the Skirmisher (Demonspawn Fighter)        Turns: 694, Time: 00:00:52

Health: -1/29      AC:  6    Str: 18    XL:     3   Next: 51%
Magic:  3/3        EV:  9    Int:  9    God:
Gold:   94         SH:  4    Dex: 12    Spells: 2/2 levels left

rFire   . . .      SeeInvis .   a - +0 war axe
rCold   . . .      Faith    .   c - +0 buckler
rNeg    . . .      Spirit   .   b - +0 scale mail
rPois   .          Reflect  .   (no helmet)
rElec   .          Harm     .   (no cloak)
rCorr   .          Rampage  .   (no gloves)
Will    .....                   (no boots)
Stlth   ..........              (no amulet)
HPRegen 0.09/turn               (no ring)
MPRegen 0.08/turn               (no ring)

@: lethally poisoned (-1 -> -6)
A: foul stench 1
a: no special abilities


You were on level 2 of the Dungeon.
You visited 1 branch of the dungeon, and saw 2 of its levels.

You collected 94 gold pieces.

Inventory:

Hand Weapons
 a - a +0 war axe (weapon)
Armour
 b - a +0 scale mail (worn)
 c - a +0 buckler (worn)
Scrolls
 e - 2 scrolls of teleportation {unknown}
 f - a scroll of enchant weapon {unknown}
 g - 2 scrolls of identify {unknown}
 i - a scroll of immolation {unknown}
Potions
 d - a potion of might
 h - a potion of flight {unknown}
 j - a potion of mutation {unknown}
 k - a potion of heal wounds {unknown}


   Skills:
 + Level 3.5 Fighting
 + Level 2.2 Axes
 + Level 3.1 Armour
 + Level 0.1 Dodging
 + Level 3.1 Shields


You had 2 spell levels left.
You didn't know any spells.
Your spell library contained the following spells:

 Spells                   Type           Power      Damage    Failure   Level
 Animate Skeleton         Necr           0%         N/A       86%         1
 Pain                     Necr           0%         1d4       86%         1
 Vampiric Draining        Necr           0%         2d6       99%         3


Dungeon Overview and Level Annotations

Branches:
Dungeon (2/15)

Altars:

Shops:
D:1 =:!*


Innate Abilities, Weirdness & Mutations

You may rarely emit foul miasma when damaged in melee.


Message History

You closely miss the orc. You hit the endoplasm.
You kill the endoplasm!
The orc hits you with a +0 mace. x2; The orc hits you but does no damage.
Unknown command.
You hit the orc.
The orc is moderately wounded.
You hit the orc.
An adder comes into view.
The orc hits you with a +0 mace. The orc completely misses you.
Unknown command.
You closely miss the orc.
The orc is almost dead.
The adder hisses angrily.
You hit the orc. The orc closely misses you. The orc hits you with a +0 mace.
* * * LOW HITPOINT WARNING * * *
Unknown command.
You slash the orc!
You kill the orc!
You hit the orc but do no damage. You block the orc's attack.
The goblin hits you with a +0 club.
* * * LOW HITPOINT WARNING * * *
You block the orc's attack.
Unknown command.
Unknown command.
You closely miss the orc.
The orc is heavily wounded.
You completely miss the goblin. The goblin barely misses you.
The orc hits you but does no damage.
Unknown command.
You hit the goblin.
You kill the goblin!
You hit the orc. The orc hits you but does no damage. The adder bites you.
* * * LOW HITPOINT WARNING * * *
You are lethally poisoned!
The adder poisons you! The orc barely misses you.
Unknown command.
You barely miss the adder. You barely miss the orc.
* * * LOW HITPOINT WARNING * * *
You feel sick. The adder bites you.
You die...

........##>.....#.#
.....................#.#
#..............# #...#.#
#..............# #......
...............# #......
........(......###......
..............†........#
......)........#...<...#
#...o@.$...###.......#
#.....S)[..#...........#
#....##..###.###........
##.. #..##..# #...###.#
#.. #.#...## #.#.# ..#
.. ....## #..#)>...# .
S..### #.....#.### ....#
#...#...# ..#...# #


You could see an adder and an orc.

Vanquished Creatures
  An orc wizard (D:2)
  2 orcs (D:2)
  2 ball pythons
  2 bats (D:1)
  4 endoplasms
  2 giant cockroaches
  3 goblins
  2 frilled lizards (D:1)
  3 rats (D:1)
21 creatures vanquished.

Notes
Turn   | Place    | Note
-------+----------+-------------------------------------------
     0 | D:1      | Morbidden the Demonspawn Fighter began the quest for the
                  | Orb.
     0 | D:1      | Reached XP level 1. HP: 18/18 MP: 1/1
    35 | D:1      | Found Geudolat's Book Shop.
    37 | D:1      | Found a faded altar of an unknown god.
    60 | D:1      | Found Boucw's Distillery.
   267 | D:1      | Found Urusuuk's Jewellery Shop.
   356 | D:1      | Gained mutation: You may rarely emit foul miasma when
                  | damaged in melee. [demonic ancestry]
   356 | D:1      | Reached XP level 2. HP: 23/24 MP: 2/2
   410 | D:1      | Found Joyp's Assorted Antiques.
   688 | D:2      | Reached XP level 3. HP: 16/29 MP: 3/3
   694 | D:2      | Slain by an adder

Illustrated notes

Levels and vault maps discovered:
D:1:      kennysheep_arrival_forest, layout_rooms, serial_shops,
          nicolae_shop_crystal, shop, shop, shop, ebering_ecumenical_altar_ruins
D:2:      layout_rooms

Skill      XL: |  1  2 |
---------------+-------+-----
Shields        | 3 |  3.1
Axes           | 2 |  2.2
Armour         | 3 |  3.1
Fighting       | |  3.5
Dodging        | |  0.1

Action                   || total
-------------------------++-------
Melee: War axe           ||    35
Armor: Scale mail        ||    16
Dodge: Dodged            ||     9
Block: Buckler           ||     8

Table legend: (Time is in decaauts)
 A = Elapsed time spent in this place.
 B = Non-inter-level travel time spent in this place.
 C = Inter-level travel time spent in this place.
 D = Time resting spent in this place.
 E = Time spent auto-exploring this place.
 F = Levels seen in this place.
 G = Mean time per level.
                   A        B        C        D        E       F      G
               +--------+--------+--------+--------+--------+-----+--------+
         Total |    708 |    661 |     47 |     76 |    460 |   2 |  354.0 |
       Dungeon |    708 |    661 |     47 |     76 |    460 |   2 |  354.0 |
               +--------+--------+--------+--------+--------+-----+--------+

Top non-repeatable levels by time:
     D:1: 648 daAuts
     D:2: 59 daAuts
